 Dungeon Crawl Stone Soup version 0.26.1-2-gb8aa6d0cf2 (webtiles) character file.

Game seed: 9537585260927249237

1673 windgrace the Fighter (level 8, -6/74 HPs)
             Began as a Grey Draconian Monk on Feb 12, 2021.
             Was a Priest of Wu Jian.
             Killed by divine providence
             ... invoked by an orc priest
              (15 damage)
             ... on level 5 of the Dungeon.
             The game lasted 00:29:58 (5457 turns).

windgrace the Fighter (Grey Draconian Monk)         Turns: 5457, Time: 00:29:59

Health: -6/74      AC: 14    Str: 13    XL:     8   Next: 70%
Magic:  8/8        EV: 15    Int: 11    God:    Wu Jian [***...]
Gold:   182        SH:  0    Dex: 16    Spells: 7/7 levels left

rFire    . . .     SeeInvis .   g - +0 great sword
rCold    . . .     Faith    .   (shield currently unavailable)
rNeg     . . .     Spirit   .   (armour unavailable)
rPois    .         Reflect  .   (helmet restricted)
rElec    .         Harm     .   (no cloak)
rCorr    .         Rampage  .   q - +1 pair of gloves
Will     .....                  p - +0 pair of boots
Stlth    ++........             (no amulet)
HPRegen  0.22/turn              (no ring)
MPRegen  0.11/turn              (no ring)

@: no status effects
A: walk through water, unfitting armour, unbreathing, cold-blooded, AC +11
a: Renounce Religion, Wall Jump, Serpent's Lash


You were on level 5 of the Dungeon.
You worshipped Wu Jian.
Wu Jian was most pleased with you.
You visited 1 branch of the dungeon, and saw 5 of its levels.

You collected 182 gold pieces.

Inventory:

Hand Weapons
 a - a +0 falchion
 g - a +0 great sword (weapon)
Armour
 c - a +0 buckler
 i - a +0 pair of boots
 p - a +0 pair of boots (worn)
 q - a +1 pair of gloves (worn)
Scrolls
 b - a scroll of magic mapping {unknown}
 d - a scroll of remove curse {unknown}
 f - a scroll of immolation {unknown}
 h - 2 scrolls of amnesia {unknown}
 j - a scroll of enchant armour
 k - a scroll of fear {unknown}
 l - 2 scrolls of identify {unknown}
 m - a scroll of random uselessness {unknown}
 r - a scroll of teleportation {unknown}
Potions
 e - 2 potions of lignification
 n - a potion of ambrosia {unknown}
 o - 2 potions of degeneration


   Skills:
 + Level 8.2 Fighting
 + Level 7.4 Long Blades
 * Level 4.5 Dodging
 - Level 3.0 Stealth
 - Level 2.6 Shields


You had 7 spell levels left.
You didn't know any spells.
Your spell library was empty.

Dungeon Overview and Level Annotations

Branches:
Dungeon (5/15)
 Temple: D:4-7

Altars:
Okawaru
Qazlal
Wu Jian


Innate Abilities, Weirdness & Mutations

You can walk through water.
Your dull iron-grey scales are very hard. (AC +11)
You cannot fit into any form of body armour.
You can survive without breathing.
You are cold-blooded and may be slowed by cold attacks.


Message History

Okay, then.
Okay, then.
You spin to attack the orc wizard, but your attack speed is too slow for a blow to land.
You spin to attack the orc priest, but your attack speed is too slow for a blow to land.
The orc wizard misses you. The orc priest completely misses you.
You riposte.
You hit the orc priest.
The orc priest is severely wounded.
You spin and attack the orc wizard.
You slash the orc wizard!
You kill the orc wizard!
The Council accepts your kill.
You spin and attack the orc wizard.
You closely miss the orc wizard.
The orc wizard is heavily wounded.
The orc priest looks braver for a moment.
The orc wizard hits you but does no damage.
You slice the orc wizard!!
You kill the orc wizard!
The Council accepts your kill.
The orc priest mumbles some strange prayers to Beogh against you.
Beogh smites you!
You die...

.... ... ..
##.#
####..#####
#.........#
#.[.......#
#.@.......#
#.))......#
#..o......#
##.........#
#..........#
...
###.##########
#..# ##...#
..# ####...##
..# #.....##


You could see an orc priest.

Vanquished Creatures
  Pikel (D:4)
  Sigmund (D:4)
  Menkaure (D:4)
  A phantom (D:4)
  2 ogres (D:4)
  A lemure (D:4)
  2 scorpions
  A hound (D:5)
  An orc priest (D:5)
  4 orc wizards
  A bullfrog skeleton (D:5)
  3 iguanas
  3 worker ants
  A hound skeleton (D:5)
  8 adders
  7 gnolls
  2 worms
  4 dart slugs
  2 leopard geckos
  8 orcs
  3 ball pythons
  12 bats
  3 giant cockroaches
  8 goblins
  6 hobgoblins
  8 jackals
  2 quokkas
  4 frilled lizards
  10 kobolds
  3 rats
113 creatures vanquished.

Notes
Turn   | Place    | Note
-------+----------+-------------------------------------------
     0 | D:1      | windgrace the Draconian Monk began the quest for the Orb.
     0 | D:1      | Reached XP level 1. HP: 19/19 MP: 1/1
   116 | D:1      | Reached XP level 2. HP: 26/26 MP: 2/2
   485 | D:1      | Reached skill level 4 in Fighting
   854 | D:1      | Reached XP level 3. HP: 33/33 MP: 3/3
  1057 | D:2      | Found an ornate altar of the Wu Jian Council.
  1069 | D:2      | Became a worshipper of the Wu Jian Council
  1069 | D:2      | Reached * piety under Wu Jian
  1069 | D:2      | Reached ** piety under Wu Jian
  1084 | D:2      | Found an iron altar of Okawaru.
  1115 | D:2      | Found a faded altar of an unknown god.
  1194 | D:2      | HP: 1/33 [gnoll/+0 spear (8)]
  1699 | D:2      | Reached XP level 4. HP: 29/40 MP: 4/4
  2231 | D:3      | Found a stormy altar of Qazlal.
  2381 | D:3      | Reached XP level 5. HP: 39/47 MP: 5/5
  2654 | D:3      | Reached skill level 5 in Fighting
  3271 | D:3      | Reached *** piety under Wu Jian
  3784 | D:4      | Noticed Pikel
  3784 | D:4      | Noticed a lemure
  3784 | D:4      | Noticed a lemure
  3784 | D:4      | Noticed a lemure
  3784 | D:4      | Noticed a lemure
  3793 | D:4      | Killed a lemure
  3840 | D:4      | Reached skill level 5 in Long Blades
  3840 | D:4      | Reached XP level 6. HP: 20/56 MP: 6/6
  3868 | D:4      | Killed Pikel
  3869 | D:4      | Reached skill level 7 in Fighting
  3869 | D:4      | Your scales start taking on a dull iron-grey colour.
  3869 | D:4      | Reached XP level 7. HP: 34/66 MP: 7/7
  3869 | D:4      | Gained mutation: You can survive without breathing. [Grey
                  | Draconian growth]
  4487 | D:4      | Reached skill level 1 in Shields
  4634 | D:4      | Reached XP level 8. HP: 68/73 MP: 8/8
  5064 | D:4      | Noticed Sigmund
  5087 | D:4      | Killed Sigmund
  5191 | D:4      | Noticed Menkaure
  5194 | D:4      | Killed Menkaure
  5353 | D:5      | Entered Level 5 of the Dungeon
  5363 | D:5      | Reached skill level 8 in Fighting
  5457 | D:5      | Killed from afar by an orc priest

Illustrated notes

Levels and vault maps discovered:
D:1:      lemuel_arrival_broad_hall, layout_basic
D:2:      layout_basic, lemuel_doored_altar, overflow_temple_1_default,
          chequers_ecumenical_altar_simple, st_stairs_3
D:3:      layout_basic, nicolae_qazlal_general_emergency,
          kennysheep_generic_room_3
D:4:      layout_loops_ring, uniq_pikel, uniq_menkaure, uniq_sigmund
D:5:      layout_rooms, dk_noncrumbling_4

Skill      XL: |  1  2  3  4  5  6  7  8 |
---------------+-------------------------+-----
Fighting       | 4 5 7 8 |  8.2
Stealth        | 2 3 |  3.0
Long Blades    | 4 5 6 7 |  7.4
Shields        | 1 2 |  2.6
Dodging        | 4 |  4.5

Action                   |  1- 3 |  4- 6 |  7- 9 || total
-------------------------+-------+-------+-------++-------
Melee: Falchion          |   132 |   249 |   117 ||   498
       Tailslap          |    19 |    30 |    37 ||    86
       Great sword       |       |       |    52 ||    52
Invok: Whirlwind         |    20 |    38 |    21 ||    79
       Lunge             |     8 |    25 |    17 ||    50
 Abil: Wall Jump         |       |     5 |       ||     5
  Use: Potion            |       |     8 |       ||     8
       Scroll            |       |     1 |       ||     1
 Stab: Sleeping          |     3 |     5 |     3 ||    11
Armor: Skin              |    45 |    81 |    48 ||   174
Dodge: Dodged            |   108 |   147 |    69 ||   324
Block: Buckler           |       |       |     9 ||     9
       Rpst.: Falchion   |    30 |    45 |    13 ||    88
       Great sword       |       |       |    12 ||    12
